 Dungeon Crawl Stone Soup version 0.28.0-53-g5a82cb258f (webtiles) character file.

Game seed: 922864163262741172

142 Descartes the Scratcher (level 5, -3/25 HPs)
             Began as a Felid Wanderer on June 19, 2022.
             Slain by a scorpion (9 damage)
             ... on level 4 of the Dungeon.
             The game lasted 00:05:25 (4342 turns).

Descartes the Scratcher (Felid Wanderer)            Turns: 4342, Time: 00:05:25

Health: -3/25      AC:  1    Str: 12    XL:     5   Next: 3%
Magic:  6/6        EV: 18    Int: 12    God:
Gold:   123        SH:  0    Dex: 15    Spells: 1/4 levels left
                                        Lives:  0   Deaths: 1

rFire   . . .      SeeInvis +     - Unarmed
rCold   . . .      Faith    .   (shield unavailable)
rNeg    . . .      Spirit   .   (armour unavailable)
rPois   .          Reflect  .   (helmet unavailable)
rElec   .          Harm     .   (cloak unavailable)
rCorr   .          Rampage  .   (gloves unavailable)
Will    .....                   (boots unavailable)
Stlth   +++.......              (no amulet)
HPRegen 0.08/turn               (no ring)
MPRegen 0.10/turn               (no ring)

@: lethally poisoned (-3 -> -14), quick
A: very small, claws 1, fangs 3, see invisible, speed 1, shaggy fur 1, stealthy
paws, no weapons or thrown items, no armour, multi-lived
a: no special abilities


You were on level 4 of the Dungeon.
You visited 1 branch of the dungeon, and saw 4 of its levels.
You also visited: Sewer.

You collected 123 gold pieces.

Inventory:

Scrolls
 a - 3 scrolls of blinking
 b - a scroll of silence
 c - a scroll of vulnerability
 e - 2 scrolls of noise
 g - 3 scrolls of fear
 n - 2 scrolls of teleportation
Potions
 d - a potion of cancellation {unknown}
 f - 2 potions of heal wounds {unknown}
 h - a potion of invisibility {unknown}
 i - 2 potions of mutation {unknown}
 j - 5 potions of curing
 k - a potion of attraction {unknown}
 l - a potion of berserk rage {unknown}
 m - 2 potions of degeneration {unknown}
 o - a potion of haste {unknown}


   Skills:
 - Level 4.0 Fighting
 + Level 3.8 Dodging
 + Level 4.6 Stealth
 + Level 5.1 Unarmed Combat
 + Level 2.4 Hexes
 + Level 1.7 Translocations
 - Level 1.1 Evocations


You had one spell level left.
You knew the following spells:

 Your Spells              Type           Power      Damage    Failure   Level
a - Confusing Touch       Hex            5%         N/A       36%         3

Your spell library contained the following spells:

 Spells                   Type           Power      Damage    Failure   Level
 Blink                    Tloc           8%         N/A       24%         2
 Ensorcelled Hibernation  Hex/Ice        4%         N/A       30%         2
 Lesser Beckoning         Tloc           4%         N/A       43%         3
 Spider Form              Tmut/Pois      0%         N/A       69%         3
 Anguish                  Hex/Necr       1%         N/A       90%         4
 Manifold Assault         Tloc           4%         N/A       99%         5
 Yara's Violent Unravell  Hex/Tmut       1%         3d3       99%         5
 Enfeeble                 Hex            2%         N/A       100%        7


Dungeon Overview and Level Annotations

Branches:
Dungeon (4/15)              Sewer (visited)
 Temple: D:4-7

Altars:


Innate Abilities, Weirdness & Mutations

You have sharp claws.
You have razor-sharp teeth.
You have supernaturally acute eyesight. (SInv)
You cover ground quickly. (Speed+)
You are covered in fur. (AC +1)
Your paws help you pounce on unaware monsters.
You are incapable of wielding weapons or throwing items.
You cannot wear armour.
You gain extra lives every three experience levels.


Message History

You scratch the scorpion. You bite the scorpion.
The scorpion is heavily wounded.
The scorpion stings you.
You are poisoned.
The scorpion poisons you!
You scratch the scorpion but do no damage.
The scorpion is heavily wounded.
You feel very sick. The scorpion closely misses you.
You scratch the scorpion.
The scorpion is heavily wounded.
You feel sick. The scorpion completely misses you.
You scratch the scorpion.
The scorpion is severely wounded.
You feel sick. The scorpion barely misses you. x2
You barely miss the scorpion.
The scorpion is severely wounded.
You feel sick. The scorpion stings you.
You are lethally poisoned!
The scorpion poisons you!
You are too injured to fight recklessly!
You are too injured to fight recklessly!
You are too injured to fight recklessly!
You are too injured to fight recklessly!
You are too injured to fight recklessly!
You are too injured to fight recklessly!
You are too injured to fight recklessly!
You are too injured to fight recklessly!
You are too injured to fight recklessly!
You are too injured to fight recklessly!
You are too injured to fight recklessly!
You are too injured to fight recklessly!
You are too injured to fight recklessly!
You are too injured to fight recklessly!
You scratch the scorpion but do no damage.
The scorpion is severely wounded.
* * * LOW HITPOINT WARNING * * *
You feel very sick. The scorpion stings you!
You die...

#..# #######..## #.........#
#.........# #..#####..# #..#
#..# #..#####..#
#......#..#######.#
##.###.#...@sr..... ####.#
#.#..###.##[.. #....# #......
.. ####.#..###.##.###.##.#
..........>.......?.. ..
#...##..##..#########.##
#...##..##..#########.#
#...##..##..........).## ....
#...##..##..####.####..###....


You could see a scorpion and a quokka.

Vanquished Creatures
  A hound (D:3)
  Jessica (D:2)
  An orc wizard (D:2)
  2 hound skeletons (D:4)
  6 adders
  A worm (D:3)
  A dart slug (D:1)
  4 orcs
  15 ball pythons
  7 endoplasms
  8 giant cockroaches
  7 goblins
  6 hobgoblins
  2 jackals (D:4)
  4 kobolds
  4 quokkas
  3 bats
  11 frilled lizards
  5 rats
89 creatures vanquished.

Notes
Turn   | Place    | Note
-------+----------+-------------------------------------------
     0 | D:1      | Descartes the Felid Wanderer began the quest for the Orb.
     0 | D:1      | Descartes set off with the following items: 2 scrolls of
                  | blinking, a scroll of silence, a scroll of vulnerability
     0 | D:1      | Reached XP level 1. HP: 11/11 MP: 2/2
   347 | D:1      | Reached skill level 1 in Dodging
   347 | D:1      | Reached XP level 2. HP: 15/15 MP: 3/3
   900 | D:1      | Reached XP level 3. HP: 18/18 MP: 4/4
  1408 | D:2      | Found a faded altar of an unknown god.
  1567 | D:2      | Noticed Jessica
  1572 | D:2      | Killed Jessica
  1573 | D:2      | Reached XP level 4. HP: 22/22 MP: 5/5
  1686 | D:2      | Learned a level 3 spell: Confusing Touch
  1934 | D:2      | Reached skill level 1 in Hexes
  2465 | D:3      | Reached XP level 5. HP: 20/25 MP: 6/6
  3109 | D:4      | Found a glowing drain.
  3144 | D:3      | Reached skill level 1 in Translocations
  3160 | D:4      | Reached skill level 5 in Unarmed Combat
  3171 | Sewer    | Entered a sewer
  3645 | Sewer    | HP: 1/25 [poisoned by an adder]
  3646 | Sewer    | Succumbed to an adder's poison
  3647 | Sewer    | Reached XP level 4. HP: 0/22 MP: 5/5
  4014 | Sewer    | Reached XP level 5. HP: 12/25 MP: 6/6
  4342 | D:4      | Slain by a scorpion

Illustrated notes

Levels and vault maps discovered:
D:1:      dpeg_arrival_central, layout_loops_corners
D:2:      layout_rooms, basic_ecumenical_altar, minmay_domino_2, uniq_jessica
D:3:      layout_loops_ring, chequers_serial_rivers_micro_d, nrook_uturn,
          serial_bayou_pond_a, minivault_19, lightli_corner_chamber
D:4:      layout_basic, cheibrodos_sewer_entry_drain

Skill      XL: |  1  2  3  4  5 |
---------------+----------------+-----
Dodging        | 1 2 3 |  3.8
Stealth        | 2 3 4 |  4.6
Hexes          | 1 2 |  2.4
Translocations | 1 |  1.7
Unarmed Combat | 5 |  5.1
Fighting       | |  4.0
Evocations     | |  1.1

Action                   |  1- 3 |  4- 6 || total
-------------------------+-------+-------++-------
Melee: Unarmed           |    70 |   154 ||   224
       Bite              |     2 |    17 ||    19
       Punch             |       |     4 ||     4
  Use: Scroll            |       |     5 ||     5
 Stab: Sleeping          |    11 |     4 ||    15
Armor: Skin              |     2 |     4 ||     6
Dodge: Dodged            |    46 |   125 ||   171
